 Dungeon Crawl Stone Soup version 0.21.1-1-g345015f (webtiles) character file.

9261 poirepourri the Blocker (level 11, -2/94 HPs)
             Began as a Deep Dwarf Fighter on July 21, 2018.
             Was a Priest of Makhleb.
             Slain by a ten-headed hydra (4 damage)
             ... on level 2 of the Lair of Beasts.
             The game lasted 00:11:24 (5580 turns).

poirepourri the Blocker (Deep Dwarf Fighter)        Turns: 5580, Time: 00:11:26

Health: -2/94      AC: 11    Str: 20    XL:     11   Next: 20%
Magic:  9/9        EV: 15    Int:  9    God:    Makhleb [***...]
Gold:   241        SH: 16    Dex: 15    Spells: 10/10 levels left

rFire    + + .     SeeInvis +   b - +2 hunting sling
rCold    . . .     Gourm    .   c - +0 shield
rNeg     . . .     Faith    .   v - +1 scale mail
rPois    .         Spirit   .   m - +1 hat of Qakej {+Blink rF+ Regen+}
rElec    .         Reflect  +   (no cloak)
rCorr    .         Harm     .   y - +0 pair of gloves
MR       +....                  (no boots)
Stlth    ..........             o - +3 amulet of reflection
HPRegen  0.00/turn              p - ring of see invisible
MPRegen  0.11/turn              u - ring of protection from fire

@: non-regenerating, hasted, very quick
A: damage resistance, heal wounds, sense surroundings 2, no regeneration
a: Heal Wounds, Minor Destruction, Lesser Servant of Makhleb, Renounce Religion,
Evoke Blink


You were on level 2 of the Lair of Beasts.
You worshipped Makhleb.
Makhleb was most pleased with you.
You were full.

You visited 2 branches of the dungeon, and saw 11 of its levels.

You collected 373 gold pieces.
You spent 132 gold pieces at shops.

Inventory:

Hand Weapons
 a - the +8 war axe "Lappedud" {freeze, rN+ Str+3}
   (You found it on level 10 of the Dungeon)

   It has been specially enchanted to freeze those struck by it, causing extra
   injury to most foes and up to half again as much damage against particularly
   susceptible opponents.
   It can also slow down cold-blooded creatures.
   It affects your strength (+3).
   It protects you from negative energy.
 b - a +2 hunting sling (weapon)
Missiles
 e - 2 tomahawks
 i - 30 bolts
 j - 52 sling bullets (quivered)
 n - 119 stones
 q - 13 javelins
Armour
 c - a +0 shield (worn)
 m - the +1 hat of Qakej (worn) {+Blink rF+ Regen+}
   (You acquired it on level 2 of the Lair of Beasts)

   It protects you from fire.
   It lets you blink.
   It increases your rate of regeneration.
 v - a +1 scale mail (worn)
 y - a +0 pair of gloves (worn)
Jewellery
 h - an uncursed ring of fire
 o - a +3 amulet of reflection (around neck)
 p - a ring of see invisible (left hand)
 u - a ring of protection from fire (right hand)
Wands
 g - a wand of iceblast (38)
 k - a wand of acid (8)
 B - a wand of paralysis (12)
Scrolls
 d - 2 scrolls of amnesia
 l - 2 scrolls of fear
 w - a scroll of teleportation
 A - a scroll of magic mapping
Potions
 r - 2 potions of mutation
 x - a potion of agility
 C - a potion of flight {unknown}
Comestibles
 f - 16 rations


   Skills:
 - Level 5.1 Fighting
 - Level 7.0 Axes
 - Level 9.1 Armour
 + Level 9.2 Dodging
 - Level 12.1 Shields


You had 10 spell levels left.
You didn't know any spells.

Dungeon Overview and Level Annotations

Branches:
Dungeon (10/15)            Temple (0/1) D:6            Lair (3/6) D:10
  Swamp (0/4) Lair:3       Spider (0/4) Lair:2
    Orc: D:9-12

Altars:
Cheibriados
Fedhas
Gozag
Kikubaaqudgha
Makhleb
Okawaru
Qazlal
Trog
Uskayaw
Xom
The Shining One

Shops:
D:2 *   D:4 }   D:5 *   D:6 }   D:10 }

Portals:
Sewer: D:6


Innate Abilities, Weirdness & Mutations

You are resistant to damage.
You can heal yourself by infusing magical energy.
You passively map the area around you.
You do not regenerate.


Message History

The ten-headed hydra misses you. The ten-headed hydra bites you!
* * * LOW HITPOINT WARNING * * *
You block the ten-headed hydra's attack.
The ten-headed hydra bites you. The ten-headed hydra bites you!
* * * LOW HITPOINT WARNING * * *
The ten-headed hydra closely misses you.
You block the ten-headed hydra's attack.
The ten-headed hydra bites you but does no damage.
The ten-headed hydra barely misses you.
Firing (i - inventory. (,) - cycle):
j - 53 sling bullets (quivered)
Press: ? - help, Shift-Dir - straight line, f/p - ten-headed hydra
Aim: a ten-headed hydra (heavily wounded)
You shoot a sling bullet.
The sling bullet barely misses the ten-headed hydra.
The ten-headed hydra completely misses you.
The ten-headed hydra bites you!
* * * LOW HITPOINT WARNING * * *
You block the ten-headed hydra's attack.
The ten-headed hydra bites you.
You die...

...#......###....###.......##
.................##.#..÷....#
†.###..........)..####.....##
.#####.........#..####..#.##
.P##..........###..##..####
.####.......### #......# .#
##....### ##....<##########
## #.#..##
####...............#
##########.#@.[..............
##.##....D..P..............
##.#.....(..................
##...........................
#............................
#.................#..........
##.............#.##P##.#...##
#...(.........############.#
###.........### ###


You could see a ten-headed hydra.

Vanquished Creatures
  The ghost of wistyy the Severer, a journeyman HOBe of Trog (Lair:1)
  Pikel (D:4)
  The ghost of poirepourri the Cleaver, a novice DDFi (D:4)
  A black mamba (Lair:2)
  A rime drake (Lair:1)
  A spiny frog (Lair:1)
  4 komodo dragons
  A troll (D:10)
  A tyrant leech (Lair:3)
  3 hippogriffs (Lair:2)
  A blink frog (Lair:2)
  9 yaks
  Eustachio (D:4)
  A basilisk (Lair:2)
  4 water moccasins
  4 porcupines
  2 black bears
  An orc warrior (D:10)
  An ice beast (D:6)
  A sky beast (D:6)
  A necrophage (D:10)
  3 ogres
  4 crocodiles
  2 centaurs
  4 bullfrogs
  2 scorpions (D:6)
  2 howler monkeys
  A centaur zombie (D:10)
  A jelly (D:10)
  2 hounds
  2 orc priests
  7 orc wizards
  An iguana (D:6)
  A worker ant (D:6)
  2 hound zombies
  A hound skeleton (D:10)
  7 adders
  3 gnolls (D:4)
  2 river rats (D:6)
  2 shadow imps (D:10)
  An ooze (D:5)
  An adder skeleton (D:4)
  4 worms
  A dart slug (D:4)
  6 leopard geckos
  15 orcs
  2 ball pythons
  4 giant cockroaches
  8 goblins
  6 hobgoblins
  6 jackals (D:3)
  2 quokkas
  12 bats
  3 frilled lizards
  4 kobolds
  A leopard gecko skeleton (D:4)
  7 rats
  A fungus (Lair:2)
174 creatures vanquished.

Vanquished Creatures (others)
  2 fungi (Lair:2)
2 creatures vanquished.

Grand Total: 176 creatures vanquished

Notes
Turn   | Place    | Note
-------+----------+-------------------------------------------
     0 | D:1      | poirepourri the Deep Dwarf Fighter began the quest for the Orb.
     0 | D:1      | Reached XP level 1. HP: 20/20 MP: 1/1
    68 | D:1      | Reached XP level 2. HP: 27/27 MP: 2/2
   444 | D:2      | Found an opulent altar of Gozag.
   447 | D:2      | Found Gozag's Platinum Reserve.
   453 | D:2      | Reached XP level 3. HP: 31/33 MP: 3/3
   718 | D:2      | Found a stormy altar of Qazlal.
  1077 | D:3      | Reached XP level 4. HP: 34/40 MP: 4/4
  1126 | D:3      | Found a burning altar of Makhleb.
  1133 | D:3      | Became a worshipper of Makhleb the Destroyer
  1176 | D:3      | Reached skill level 5 in Axes
  1199 | D:3      | Reached XP level 5. HP: 19/46 MP: 5/5
  1257 | D:3      | Found a blossoming altar of Fedhas.
  1318 | D:3      | Found an iron altar of Okawaru.
  1637 | D:4      | Noticed an ogre
  1643 | D:4      | Noticed poirepourri's ghost (novice DDFi)
  1649 | D:4      | Killed an ogre
  1743 | D:4      | Found a snail-covered altar of Cheibriados.
  1821 | D:4      | Reached XP level 6. HP: 16/55 MP: 6/6
  1888 | D:4      | Killed poirepourri's ghost
  1888 | D:4      | Reached * piety under Makhleb
  1888 | D:4      | Reached skill level 5 in Fighting
  1888 | D:4      | Reached XP level 7. HP: 49/67 MP: 5/5
  1997 | D:4      | Noticed Pikel
  2036 | D:4      | Killed Pikel
  2036 | D:4      | Reached skill level 5 in Dodging
  2036 | D:4      | Reached XP level 8. HP: 36/74 MP: 6/6
  2135 | D:4      | Found an ancient bone altar of Kikubaaqudgha.
  2224 | D:4      | Found Etuakam's Gadget Boutique.
  2230 | D:4      | Noticed Eustachio
  2268 | D:4      | Killed Eustachio
  2276 | D:4      | Bought a wand of iceblast (7) for 132 gold pieces
  2299 | D:5      | Entered Level 5 of the Dungeon
  2332 | D:5      | Found a shimmering altar of Xom.
  2566 | D:5      | Found Ubbuf's Assorted Antiques.
  2622 | D:6      | Found a bloodstained altar of Trog.
  2826 | D:6      | Found a glowing drain.
  2867 | D:6      | Reached skill level 4 in Shields
  2895 | D:6      | Found a staircase to the Ecumenical Temple.
  2941 | D:6      | Reached skill level 5 in Shields
  2946 | D:6      | Found a glowing golden altar of the Shining One.
  3073 | D:6      | Found Leurpheu's Gadget Emporium.
  3085 | D:6      | HP: 3/74 [ice beast (16)]
  3087 | D:6      | Gained mutation: You passively map the area around you. [Deep Dwarf growth]
  3087 | D:6      | Reached XP level 9. HP: 29/81 MP: 7/7
  3123 | D:6      | Reached ** piety under Makhleb
  3123 | D:6      | Reached skill level 6 in Shields
  3223 | D:7      | Found a hide-covered altar of Uskayaw.
  3286 | D:7      | You fall through a shaft for 3 floors!
  3286 | D:10     | Entered Level 10 of the Dungeon
  3321 | D:10     | Got a scorched war axe
  3322 | D:10     | Identified the +8 war axe "Lappedud" {freeze, rN+ Str+3} (You found it on level 10 of the Dungeon)
  3397 | D:10     | Found Doanugiami's Gadget Boutique.
  3423 | D:10     | Reached skill level 7 in Shields
  3512 | D:10     | Noticed a troll
  3519 | D:10     | Killed a troll
  3530 | D:10     | Reached skill level 8 in Shields
  3806 | D:10     | Reached skill level 9 in Shields
  3813 | D:10     | Reached skill level 10 in Shields
  3815 | D:10     | Found a staircase to the Lair.
  4091 | Lair:1   | Entered Level 1 of the Lair of Beasts
  4130 | Lair:1   | Noticed a spiny frog
  4136 | Lair:1   | Killed a spiny frog
  4149 | Lair:1   | Noticed wistyy's ghost (journeyman HOBe)
  4168 | Lair:1   | Killed wistyy's ghost
  4168 | Lair:1   | Reached skill level 11 in Shields
  4168 | Lair:1   | Reached XP level 10. HP: 45/88 MP: 8/8
  4285 | Lair:1   | Reached skill level 12 in Shields
  4441 | Lair:2   | Noticed a black mamba
  4449 | Lair:2   | Killed a black mamba
  4449 | Lair:2   | Reached skill level 5 in Armour
  4565 | Lair:2   | Reached *** piety under Makhleb
  4653 | Lair:2   | Reached XP level 11. HP: 32/94 MP: 9/9
  4662 | Lair:2   | Found a hole to the Spider Nest.
  5326 | Lair:2   | Identified a scroll of acquirement
  5340 | Lair:2   | Got a distressingly furry hat
  5351 | Lair:2   | Identified the +1 hat of Qakej {+Blink rF+ Regen+} (You acquired it on level 2 of the Lair of Beasts)
  5474 | Lair:3   | Found a staircase to the Swamp.
  5527 | Lair:3   | Noticed a six-headed hydra
  5580 | Lair:2   | HP: 2/94 [ten-headed hydra (9)]
  5580 | Lair:2   | Slain by a ten-headed hydra

Skill      XL: |  1  2  3  4  5  6  7  8  9 10 11 |
---------------+----------------------------------+-----
Axes           | 3 4 5 7 |  7.0
Fighting       | 5 |  5.1
Dodging        | 5 8 9 |  9.2
Shields        | 5 11 12 | 12.1
Armour         | 8 9 |  9.1

Action                   |  1- 3 |  4- 6 |  7- 9 | 10-12 || total
-------------------------+-------+-------+-------+-------++-------
Melee: War axe           |   131 |   115 |   322 |   148 ||   716
 Fire: Hunting sling     |       |    16 |     3 |     6 ||    25
Throw: Tomahawk          |       |     1 |       |       ||     1
       Javelin           |       |       |     3 |       ||     3
 Abil: Heal Wounds       |       |     6 |     7 |     3 ||    16
  Use: Scroll            |     3 |     6 |     3 |    12 ||    24
       Potion            |       |     3 |     3 |     2 ||     8
  Eat: Ration            |     1 |       |     2 |     2 ||     5
       Chunk             |       |       |     2 |     3 ||     5
Armor: Scale mail        |   104 |    30 |    72 |    41 ||   247
Dodge: Dodged            |    62 |    32 |   109 |    83 ||   286
Block: Shield            |   101 |    65 |   186 |   119 ||   471
       Reflection        |       |       |     4 |     2 ||     6
